AoeStats
← lamanito6

Black Forest

505413651Analyzed
4v4 RM · 23d ago on Sep 9, 2026· 46m 43s· 8 players
Game mode
Random Map
Map size
Large (8 player)
Population
200
Speed
Normal
Resources
Standard
Victory
Conquest
Starting age
Dark Age
Ending age
Imperial Age
RankedLock teamsTeams togetherTeam positionsShared explorationLock speedFull tech treeHidden civsTurbo modeCheats
Victory
Defeat
🇦🇺 Dravidians · Australia
1131
+16
🇪🇸 Burgundians · Spain
1130
+16
🇰🇷 Vikings · South Korea
1127
+16
🇮🇳 Hindustanis · India
1125
+16
🇫🇷 Bohemians · France
1186
-17
🇧🇦 Inca · Bosnia & Herzegovina
1154
-17
🇬🇧 Teutons · United Kingdom
1095
-15
🇳🇱 Persians · Netherlands
1094
-15
lamanito6
1:04 Loom
6:02 Double-Bit Axe
11:41 Feudal Age
12:43 Bow Saw
17:31 Castle Age
15:19 Horse Collar
16:28 Heavy Plow
16:39 Gold Mining
18:39 Wheelbarrow
19:32 Stone Mining
29:29 Imperial Age
28:24 Hand Cart
28:47 Gold Shaft Mining
28:48 Stone Shaft Mining
28:45 Crop Rotation
28:29 Fletching
28:39 Padded Archer Armor
29:17 Caravan
31:47 Chemistry
31:32 Leather Archer Armor
31:12 Bodkin Arrow
31:48 Ballistics
32:23 Burgundian Vineyards
31:39 Elite Coustillier
32:51 Murder Holes
33:19 Masonry
HaBeeMo
8:05 Loom
11:06 Feudal Age
17:21 Castle Age
16:23 Forging
16:27 Double-Bit Axe
17:01 Horse Collar
21:05 Heavy Plow
21:52 Bow Saw
24:35 Pikeman
26:53 Squires
27:00 Gold Mining
28:55 Iron Casting
28:20 Scale Mail Armor
32:23 Imperial Age
31:43 Chain Mail Armor
31:40 Fortified Wall
32:13 Stone Mining
31:52 Crossbowman
35:20 Chemistry
33:41 Arbalester
34:29 Elite Berserk
36:48 Conscription
37:37 Gold Shaft Mining
37:25 Bogsveigar
38:51 Blast Furnace
37:41 Fletching
37:52 Padded Archer Armor
44:19 Two-Man Saw
43:51 Crop Rotation
43:42 Chieftains
46:33 Ballistics
46:11 Bodkin Arrow
46:32 Leather Archer Armor
TALKA to me
0:29 Loom
14:17 Feudal Age
18:53 Castle Age
16:45 Double-Bit Axe
16:42 Horse Collar
19:52 Bow Saw
22:06 Wheelbarrow
23:12 Hand Cart
25:29 Heavy Plow
25:36 Fletching
25:48 Padded Archer Armor
27:04 Gold Mining
28:15 Town Watch
28:28 Bodkin Arrow
28:44 Forging
27:56 Pikeman
28:36 Squires
29:37 Ballistics
29:29 Fortified Wall
31:37 Scale Mail Armor
32:12 Iron Casting
36:15 Imperial Age
35:12 Chain Mail Armor
35:13 Leather Archer Armor
35:27 Medical Corps
37:25 Thumb Ring
38:25 Bracer
39:49 Conscription
40:39 Chemistry
39:43 Halberdier
42:13 Blast Furnace
41:46 Ring Archer Armor
42:14 Caravan
43:34 Elite Elephant Archer
44:46 Plate Mail Armor
Sythe
11:08 Feudal Age
13:04 Loom
15:36 Castle Age
14:09 Horse Collar
14:25 Double-Bit Axe
15:43 Wheelbarrow
17:01 Bow Saw
16:56 Heavy Plow
29:10 Imperial Age
27:43 Hand Cart
27:51 Bloodlines
28:37 Forging
28:33 Scale Barding Armor
28:29 Padded Archer Armor
28:51 Husbandry
28:46 Fletching
30:13 Ballistics
30:31 Iron Casting
29:30 Heavy Camel Rider
31:14 Chemistry
31:19 Chain Barding Armor
31:53 Imperial Camel Rider
34:09 Blast Furnace
37:43 Shatagni
38:03 Conscription
41:42 Leather Archer Armor
42:02 Plate Barding Armor
44:44 Light Cavalry
45:40 Hussar
46:11 Siege Elephant
Botgamer928
9:27 Loom
11:41 Feudal Age
13:15 Double-Bit Axe
13:31 Horse Collar
16:51 Castle Age
16:15 Gold Mining
16:19 Stone Mining
24:00 Caravan
29:41 Imperial Age
27:23 Heavy Plow
27:31 Scale Mail Armor
28:17 Squires
28:02 Arson
29:38 Wheelbarrow
29:20 Forging
30:50 Iron Casting
30:31 Chain Mail Armor
30:44 Conscription
31:40 Chemistry
30:55 Elite Teutonic Knight
33:16 Siege Engineers
36:07 Hand Cart
36:25 Ballistics
36:59 Ironclad
36:40 Cavalier
38:17 Plate Mail Armor
38:23 Bloodlines
38:23 Scale Barding Armor
38:35 Paladin
41:03 Crenellations
42:09 Chain Barding Armor
43:48 Blast Furnace
45:48 Bombard Tower
46:59 Plate Barding Armor
Big Joey
11:28 Feudal Age
15:12 Castle Age
13:15 Double-Bit Axe
13:23 Horse Collar
16:19 Bow Saw
20:28 Heavy Plow
22:29 Wheelbarrow
23:08 Town Watch
23:13 Loom
23:46 Hand Cart
26:15 Scale Barding Armor
26:21 Forging
28:42 Gold Mining
28:44 Stone Mining
30:05 Gold Shaft Mining
30:06 Stone Shaft Mining
32:02 Chain Barding Armor
35:16 Imperial Age
34:29 Iron Casting
33:44 Fletching
34:17 Caravan
34:48 Coinage
34:56 Cavalier
35:37 Husbandry
35:48 Bloodlines
35:44 Murder Holes
36:10 Ballistics
36:50 Chemistry
36:58 Plate Barding Armor
37:24 Blast Furnace
36:34 Bodkin Arrow
36:19 Savar
37:51 Conscription
40:18 Elite War Elephant
41:34 Hoardings
40:31 Pikeman
41:12 Squires
40:57 Arson
43:07 Town Patrol
43:53 Banking
46:49 Guilds
Wolfran
2:22 Loom
13:04 Feudal Age
16:41 Castle Age
14:57 Double-Bit Axe
18:19 Fervor
18:32 Horse Collar
25:02 Bow Saw
26:27 Wheelbarrow
30:36 Imperial Age
29:38 Chemistry
28:59 Ballistics
28:04 Pikeman
28:44 Squires
29:04 Scale Mail Armor
28:48 Treadmill Crane
29:44 Hand Cart
29:17 Town Watch
29:54 Squires
30:12 Chain Mail Armor
30:07 Forging
29:48 Fletching
30:47 Wagenburg Tactics
32:43 Two-Man Saw
31:52 Siege Engineers
32:32 Houfnice
34:18 Halberdier
36:00 Plate Mail Armor
36:06 Iron Casting
35:44 Arson
36:39 Masonry
37:49 Padded Archer Armor
41:04 Blast Furnace
40:01 Bodkin Arrow
40:21 Leather Archer Armor
42:37 Bracer
42:21 Elite Skirmisher
45:07 Ring Archer Armor
46:38 Murder Holes
47:14 Architecture
46:59 Guilds
46:50 Caravan
1godi
0:54 Loom
11:26 Feudal Age
15:59 Castle Age
14:03 Double-Bit Axe
14:01 Horse Collar
16:56 Bow Saw
21:08 Heavy Plow
23:43 Wheelbarrow
23:34 Champi Runner
23:56 Pikeman
26:22 Hand Cart
25:32 Champi Warrior
27:45 Gold Mining
28:31 Squires
31:42 Imperial Age
28:58 Town Watch
29:23 Stone Mining
30:57 Scale Mail Armor
31:07 Forging
32:50 Chain Mail Armor
33:11 Iron Casting
31:58 Elite Champi Warrior
32:00 Halberdier
32:23 Capped Ram
34:00 Crop Rotation
35:22 Plate Mail Armor
35:52 Blast Furnace
34:44 Arson
34:35 Siege Ram
36:36 Fletching
36:46 Padded Archer Armor
38:05 Chemistry
37:50 Siege Engineers
37:56 Masonry
40:09 Bodkin Arrow
40:29 Leather Archer Armor
40:36 Ballistics
39:40 Elite Skirmisher
40:25 Thumb Ring
41:19 Bracer
43:09 Ring Archer Armor
Connection lost

Rejoining the realm…

Still unreachable

The connection could not be restored.

Session expired

The server has moved on; the page needs a fresh start.